 Dungeon Crawl Stone Soup version 0.21-a0-405-gf2af9a1 (webtiles) character file.

56581 zero the Cleaver (level 14, -4/92 HPs)
             Began as a Gargoyle Berserker on Nov 1, 2017.
             Was a High Priest of Trog.
             Killed from afar by a fire dragon (35 damage)
             ... with a blast of flame
             ... on level 6 of the Lair of Beasts.
             The game lasted 00:28:41 (18130 turns).

zero the Cleaver (Gargoyle Berserker)              Turns: 18130, Time: 00:28:42

Health: -4/92      AC: 37    Str: 26    XL:     14   Next: 82%
Magic:  14/14      EV:  6    Int:  8    God:    Trog [*****.]
Gold:   474        SH: 21    Dex:  9    Spells: 13/13 levels left

rFire    . . .     SeeInvis .   B - +0 war axe
rCold    . . .     Gourm    .   g - +2 large shield
rNeg     + . .     Faith    .   w - +0 plate armour
rPois    ∞         Spirit   .   l - +1 helmet
rElec    +         Reflect  .   k - +2 cloak {+Inv}
rCorr    +         Harm     .   u - +0 pair of gloves
MR       +++..                  C - +2 pair of boots {Fly}
Stlth    ..........             (no amulet)
HPRegen  1.25/turn              i - ring of resist corrosion
MPRegen  0.14/turn              (no ring)

@: flying, regenerating
A: big wings, deterioration 1, negative energy resistance 1, electricity
resistance, unbreathing, petrification resistance, rot immunity, AC +10
a: Stop Flying, Berserk, Trog's Hand, Brothers in Arms, Burn Spellbooks,
Renounce Religion, Evoke Invisibility


You were on level 6 of the Lair of Beasts.
You worshipped Trog.
Trog was extremely pleased with you.
You were not hungry.

You visited 2 branches of the dungeon, and saw 18 of its levels.

You collected 864 gold pieces.
You spent 390 gold pieces at shops.

Inventory:

Hand Weapons
 B - a +0 war axe (weapon)
Missiles
 h - 4 throwing nets (quivered)
Armour
 g - a +2 large shield (worn)
 k - a +2 cloak of invisibility (worn)
 l - a +1 helmet (worn)
 u - a +0 pair of gloves (worn)
 w - a +0 plate armour (worn)
 C - a +2 pair of boots of flying (worn)
Jewellery
 i - a ring of resist corrosion (left hand)
Wands
 e - a wand of digging (15/24)
 q - a wand of iceblast (6/15)
 x - a wand of flame (17/48)
 y - a wand of scattershot (3/9)
Scrolls
 a - 7 scrolls of blinking
 d - 8 scrolls of recharging
 f - 9 scrolls of teleportation
 n - 8 scrolls of remove curse
 E - a scroll of fog
Potions
 b - a potion of magic
 j - a potion of ambrosia
 m - a potion of mutation {unknown}
 o - 2 potions of lignification
 p - 8 potions of curing
 r - 3 potions of agility
 s - 2 potions of haste
 t - a potion of brilliance {unknown}
 v - a potion of resistance {unknown}
 z - 3 potions of might
 A - a potion of berserk rage {unknown}
 H - 2 potions of invisibility
 I - a potion of heal wounds
Comestibles
 c - 12 bread rations
 D - 9 royal jellies
 F - 2 chunks of flesh
 G - 5 meat rations


   Skills:
 + Level 12.7 Fighting
 * Level 14.7 Axes
 + Level 12.6 Armour
 - Level 1.5 Dodging
 + Level 12.3 Shields


You had 13 spell levels left.
You didn't know any spells.

Dungeon Overview and Level Annotations

Branches:
Dungeon (12/15)            Temple (0/1) D:7            Lair (6/6) D:11
 Spider (0/4) Lair:3        Slime (0/5) Lair:6          Orc (0/2) D:9
  Swamp: Lair:2-4    Shoals: Lair:2-4

Altars:
Cheibriados
Kikubaaqudgha
Ru
Trog
Vehumet
Xom

Shops:
D:5 [%*%(   D:6 :}[   D:10 (*!


Innate Abilities, Weirdness & Mutations

You are resistant to torment.
Your stone body is resilient. (AC +10)
You are immune to poison.
Your large and strong wings let you fly indefinitely.
You resist negative energy. (rN+)
You are resistant to electric shocks. (rElec)
You can survive without breathing.
You are immune to petrification.
You are immune to rotting.
Your body sometimes deteriorates upon taking damage.


Message History

You are engulfed in a cloud of scalding steam.
You completely miss the fire dragon.
The fire dragon is lightly wounded.
You slash the plant!
You destroy the plant!
You are engulfed in a cloud of scalding steam.
The fire dragon breathes flames at you. The blast of flame hits you!
You are too injured to fight recklessly!
You are too injured to fight recklessly!
You are too injured to fight recklessly!
You are too injured to fight recklessly!
You are too injured to fight recklessly!
You are too injured to fight recklessly!
Your skin crawls.
You feel resistant to hostile enchantments.
You feel somewhat more hungry. The fire dragon breathes flames at you.
The blast of flame hits you!
You die...

#### P#P## ## ## ♣♣♣♣♣♣♣♣♣ ...P##
.##.# ♣♣♣...≈≈...
.....####....#♣♣...≈≈≈≈≈≈≈
......#.....# ♣...≈≈≈≈≈≈≈≈
...P......## ♣.P≈.≈.≈≈≈≈≈
♣......P...# ♣≈≈≈†..≈≈D≈≈
......#...## ♣†≈D♣.♣...P.
....###..#### ♣≈@≈♣♣♣♣ .♣$
....###.....# ♣.≈.≈♣.♣♣
≈÷≈≈♣♣......# ♣♣≈≈≈♣≈≈♣♣♣ .
≈≈≈≈≈♣.....### ♣♣...≈≈≈P♣♣ ≈≈
≈≈≈≈≈≈≈......# ♣♣♣..≈≈≈.♣♣ ≈≈.
≈≈≈≈P≈.......# ♣.♣....≈..♣♣♣.≈P.
≈≈≈♣≈........## ♣..♣♣♣.♣≈.≈≈≈≈..♣
♣♣♣♣..........#♣.....♣♣♣≈.†≈....♣
...#..........#♣♣♣♣..♣♣.≈.P....♣


You could see a fire dragon.

Vanquished Creatures
  Kirke (Lair:6)
  Nessos (Lair:4)
  Josephine (Lair:5)
  5 hydras
  A catoblepas (Lair:6)
  2 two-headed ogres
  A fire crab (Lair:6)
  A swamp dragon (Lair:6)
  A lindwurm (Lair:5)
  Pikel (D:8)
  3 oklob plants (Lair:5)
  2 manticores (Lair:5)
  Joseph (D:10)
  Maurice (D:10)
  Psyche (D:10)
  18 elephants
  The ghost of Ijustatesigmund the Cleaver, a novice HOFi (D:4)
  3 black mambas
  A torpor snail (Lair:6)
  9 spiny frogs
  2 ice devils (Lair:5)
  2 rime drakes (Lair:6)
  9 komodo dragons
  3 trolls
  A tyrant leech (Lair:6)
  A polar bear (Lair:4)
  3 meliai (Lair:5)
  2 hornets (Lair:6)
  12 blink frogs
  Prince Ribbit (Lair:3)
  A meliai zombie (D:11)
  10 dream sheep
  10 hippogriffs
  A redback (Lair:3)
  3 wyverns (Lair:5)
  3 wraiths (Lair:5)
  44 yaks
  9 basilisks
  6 hogs (Lair:6)
  A hungry ghost (D:8)
  4 steam dragons (Lair:6)
  6 water moccasins
  2 orc warriors
  6 porcupines
  2 sky beasts
  3 slaves (D:8)
  3 ice beasts
  2 black bears
  2 phantoms
  7 ogres
  The ghost of zodiak12 the Ducker, an amateur DsGl (D:3)
  7 crocodiles
  19 wolves
  15 bullfrogs
  Blork the orc (D:5)
  3 scorpions
  48 killer bees
  7 wights
  6 crimson imps
  A howler monkey (D:8)
  3 jellies
  3 centaur zombies
  A centaur skeleton (D:4)
  3 hounds
  5 orc priests
  2 bullfrog skeletons
  12 iguanas
  11 orc wizards
  5 worker ants
  2 hound zombies
  Robin (D:2)
  8 gnolls
  A howler monkey skeleton (D:10)
  12 adders
  A river rat (Lair:5)
  A shadow imp (D:6)
  2 oozes
  4 adder skeletons
  An adder zombie (D:6)
  3 worms
  2 dart slugs (D:1)
  3 leopard geckos
  41 orcs
  A ball python (D:6)
  16 goblins
  7 hobgoblins
  10 jackals
  3 quokkas
  13 bats
  2 frilled lizards
  7 kobolds
  A leopard gecko zombie (D:6)
  A quokka skeleton (D:8)
  7 rats
  5 fungi
  4 plants
528 creatures vanquished.

Vanquished Creatures (collateral kills)
  Harold (D:11)
  2 slime creatures (D:10)
  A water moccasin (Lair:4)
  2 wolves (Lair:4)
  A killer bee (Lair:5)
7 creatures vanquished.

Vanquished Creatures (others)
  A rime drake (Lair:6)
  A human (Lair:6)
  7 fungi
  26 plants
35 creatures vanquished.

Grand Total: 570 creatures vanquished

Notes
Turn   | Place    | Note
-------+----------+-------------------------------------------
     0 | D:1      | zero the Gargoyle Berserker began the quest for the Orb.
     0 | D:1      | Reached XP level 1. HP: 14/14 MP: 1/1
    85 | D:1      | Reached skill level 3 in Axes
   102 | D:1      | Reached XP level 2. HP: 19/19 MP: 2/2
   754 | D:1      | Reached XP level 3. HP: 20/23 MP: 3/3
  1160 | D:2      | Found a sacrificial altar of Ru.
  1170 | D:2      | Noticed Robin
  1179 | D:2      | Reached ** piety under Trog
  1194 | D:2      | Killed Robin
  1194 | D:2      | Reached skill level 1 in Shields
  1259 | D:2      | Reached XP level 4. HP: 27/28 MP: 4/4
  1367 | D:2      | Found a shimmering altar of Xom.
  1953 | D:3      | Reached skill level 4 in Axes
  2330 | D:3      | Noticed zodiak12's ghost (amateur DsGl)
  2339 | D:3      | Killed zodiak12's ghost
  2339 | D:3      | Reached XP level 5. HP: 33/33 MP: 5/5
  2601 | D:3      | Found a faded altar of an unknown god.
  2685 | D:3      | Found a radiant altar of Vehumet.
  2969 | D:4      | Reached XP level 6. HP: 38/38 MP: 6/6
  3126 | D:4      | Noticed Ijustatesigmund's ghost (novice HOFi)
  3172 | D:4      | Killed Ijustatesigmund's ghost
  3172 | D:4      | Reached skill level 5 in Axes
  3172 | D:4      | Reached XP level 7. HP: 44/44 MP: 7/7
  3358 | D:4      | Reached *** piety under Trog
  3423 | D:4      | Reached skill level 5 in Fighting
  3633 | D:4      | Reached skill level 6 in Axes
  3633 | D:4      | Reached XP level 8. HP: 49/49 MP: 8/8
  3819 | D:5      | Entered Level 5 of the Dungeon
  3846 | D:5      | Found a radiant altar of Vehumet.
  4126 | D:5      | Noticed Blork the orc
  4158 | D:5      | Killed Blork the orc
  4158 | D:5      | Reached skill level 5 in Armour
  4369 | D:5      | Found Xuhof's General Store.
  4372 | D:5      | Found Ujeto's Antique Weapon Shop.
  4403 | D:5      | Found Qixku's Food Shoppe.
  4410 | D:5      | Found Siediec's Antique Armour Emporium.
  4423 | D:5      | Found Byick's Food Boutique.
  4844 | D:6      | Found Ziuva's Gadget Shop.
  4871 | D:6      | Found Oroa's Antique Armour Boutique.
  4915 | D:6      | Found Kimang's Book Emporium.
  5045 | D:6      | Reached **** piety under Trog
  5143 | D:6      | Found an ancient bone altar of Kikubaaqudgha.
  5257 | D:6      | Reached skill level 7 in Axes
  5350 | D:6      | Found a snail-covered altar of Cheibriados.
  5579 | D:7      | Reached skill level 5 in Shields
  5583 | D:7      | Reached XP level 9. HP: 55/55 MP: 9/9
  6002 | D:7      | Found a staircase to the Ecumenical Temple.
  6521 | D:8      | Noticed Pikel
  6547 | D:8      | Killed Pikel
  6547 | D:8      | Reached skill level 8 in Axes
  7183 | D:8      | Reached XP level 10. HP: 63/63 MP: 10/10
  7613 | D:9      | Reached skill level 9 in Axes
  7620 | D:9      | Found a staircase to the Orcish Mines.
  7860 | D:9      | Found a bloodstained altar of Trog.
  8558 | D:10     | Entered Level 10 of the Dungeon
  8643 | D:10     | Noticed Maurice
  8663 | D:10     | Paralysed by something for 2 turns
  8818 | D:10     | Noticed Psyche
  8866 | D:10     | Reached skill level 10 in Axes
  8869 | D:10     | Reached XP level 11. HP: 50/69 MP: 11/11
  8899 | D:10     | Killed Psyche
  8913 | D:10     | Gained mutation: Your body sometimes deteriorates upon taking damage. [mutagenic glow]
  9105 | D:10     | Found Zomeept's Antique Weapon Emporium.
  9158 | D:10     | Found Lypeffi's Distillery.
  9251 | D:10     | Killed Maurice
  9284 | D:10     | Found Seafuf's Assorted Antiques.
  9337 | D:10     | Noticed Joseph
  9362 | D:10     | Killed Joseph
  9494 | D:6      | Bought a pair of embroidered boots for 195 gold pieces
  9610 | D:6      | Bought a runed cloak for 195 gold pieces
  9783 | D:10     | Noticed a two-headed ogre
  9799 | D:10     | Killed a two-headed ogre
 10335 | D:11     | Noticed a seven-headed hydra
 10348 | D:11     | Killed a 13-headed hydra
 10350 | D:11     | Reached skill level 11 in Axes
 10489 | D:11     | Noticed Harold
 10501 | D:11     | Killed Harold
 10550 | D:11     | Found a staircase to the Lair.
 10596 | D:11     | Noticed a two-headed ogre
 10606 | D:11     | Killed a two-headed ogre
 10990 | Lair:1   | Entered Level 1 of the Lair of Beasts
 11032 | Lair:1   | Reached XP level 12. HP: 68/77 MP: 12/12
 11284 | Lair:1   | Reached skill level 10 in Fighting
 11720 | Lair:2   | You are sucked into a shaft!
 11720 | Lair:3   | Noticed an eight-headed hydra
 11730 | Lair:3   | Killed an 11-headed hydra
 11849 | Lair:3   | Reached ***** piety under Trog
 11873 | Lair:3   | Reached skill level 10 in Armour
 11976 | Lair:3   | Noticed a five-headed hydra
 11994 | Lair:3   | Killed a 17-headed hydra
 11994 | Lair:3   | Reached skill level 12 in Axes
 12487 | Lair:3   | Reached skill level 10 in Shields
 12689 | Lair:3   | Found a hole to the Spider Nest.
 12729 | Lair:3   | Noticed Prince Ribbit
 12737 | Lair:3   | Killed Prince Ribbit
 13301 | Lair:4   | Noticed a five-headed hydra
 13316 | Lair:4   | Killed a 16-headed hydra
 13554 | Lair:4   | Reached XP level 13. HP: 53/84 MP: 13/13
 13694 | Lair:4   | Noticed Nessos
 13827 | Lair:4   | Killed Nessos
 14563 | Lair:5   | Reached skill level 13 in Axes
 14613 | Lair:5   | Noticed Josephine
 14623 | Lair:5   | Killed Josephine
 16201 | Lair:5   | Gained mutation: Your large and strong wings let you fly indefinitely. [Gargoyle growth]
 16201 | Lair:5   | Reached XP level 14. HP: 92/92 MP: 14/14
 16564 | Lair:6   | Entered Level 6 of the Lair of Beasts
 16626 | Lair:6   | Reached skill level 14 in Axes
 16667 | Lair:6   | Received a gift from Trog
 17685 | Lair:6   | Noticed Kirke
 17706 | Lair:6   | Killed Kirke
 17707 | Lair:6   | Found a staircase to the Slime Pits.
 17957 | Lair:6   | Identified a scroll of acquirement
 17975 | Lair:6   | Received a gift from Trog
 18130 | Lair:6   | Killed from afar by a fire dragon

Vault maps used:
D:1:      lightli_arrival_isolated_outpost, minmay_box_of_dots
D:2:      xom_butterflies, overflow_temple_1_default, uniq_robin
D:3:      lemuel_crystal_altar, chequers_ecumenical_altar_simple
D:4:      st_stairs_1
D:5:      serial_shops, nicolae_shop_stone, nicolae_shop_statue_plus, shop,
          shop, nicolae_shop_statue_plus, first_bread, vehumet_altar_wand_db,
          uniq_blork_the_orc
D:6:      nicolae_overflow_hidden_temple, kiku_gazebo_pond_becter, serial_shops,
          shop, shop, nicolae_shop_waterfront
D:7:      minmay_temple_entry_junction_2
D:8:      uniq_pikel
D:9:      marbit_many_paths, orc_0_dummy, grunt_ogre_cave
D:10:     serial_shops, shop, shop, shop, fungi_pond_lemuel, uniq_joseph,
          uniq_psyche, uniq_maurice
D:11:     grunt_lair_entry_orc_guard_hut, uniq_harold
D:12:     serial_glass, glass_columns_a, glass_columns_b, serial_shops, shop
Lair:2:   minmay_shoals_entry_hut, uniq_nergalle
Lair:3:   beast_lair_carwin_large_1, spider_nest_entry_rubble, pond,
          uniq_prince_ribbit2
Lair:4:   minivault_24, hangedman_lair_unloving_vines, uniq_nessos
Lair:5:   regret_index_harrowing_hell_hive, portal_ice_cave_demonic_guard,
          beast_lair_carwin_7, grunt_megastairs_3, uniq_josephine
Lair:6:   wormcave, guppyfry_lair_end_dragon, slime_dummy, serial_bayou_ford_a,
          uniq_kirke

Skill      XL: |  1  2  3  4  5  6  7  8  9 10 11 12 13 14 |
---------------+-------------------------------------------+-----
Axes           | 3 4 5 6 7 8 10 11 12 13 14 | 14.7
Shields        | 1 2 3 5 6 7 9 10 11 12 | 12.3
Fighting       | 4 5 6 7 8 9 10 12 | 12.7
Armour         | 3 4 5 6 8 9 10 11 12 | 12.6
Dodging        | |  1.5

Action                   |  1- 3 |  4- 6 |  7- 9 | 10-12 | 13-15 || total
-------------------------+-------+-------+-------+-------+-------++-------
Melee: Hand axe          |    87 |   182 |   293 |       |       ||   562
       War axe           |       |       |   284 |   925 |  1063 ||  2272
Invok: Berserk           |     1 |     4 |     5 |    12 |     9 ||    31
       Trog's Hand       |       |     1 |     3 |     5 |     6 ||    15
       Brothers in Arms  |       |       |       |     4 |     2 ||     6
       Burn Spellbooks   |       |       |       |     5 |       ||     5
 Abil: Stop Flying       |       |       |       |     1 |       ||     1
       Evoke Flight      |       |       |       |     1 |       ||     1
  Use: Scroll            |       |     9 |    10 |     6 |     4 ||    29
       Potion            |       |       |       |     1 |       ||     1
 Stab: Sleeping          |     1 |       |       |       |       ||     1
       Distracted        |       |       |       |     1 |       ||     1
       Invisible         |       |       |       |     1 |       ||     1
       Petrifying        |       |       |       |       |     1 ||     1
       Petrified         |       |       |       |       |     1 ||     1
  Eat: Chunk             |     2 |     8 |    10 |    16 |    18 ||    54
       Royal jelly       |       |     1 |     1 |     2 |       ||     4
       Meat ration       |       |       |     4 |     2 |     1 ||     7
       Fruit             |       |       |       |     3 |     9 ||    12
Armor: Animal skin       |    30 |    48 |       |       |       ||    78
       Scale mail        |       |       |   259 |    47 |       ||   306
       Plate armour      |       |       |       |   573 |   712 ||  1285
Dodge: Dodged            |    36 |    31 |   102 |   148 |   171 ||   488
Block: Large shield      |    47 |   150 |   574 |  1022 |  1301 ||  3094

Table legend:
 A = Spawn XP
 B = Non-spawn XP
 C = Spawn XP percentage of total XP
 D = Spawn monster count
 E = Non-spawn monster count
 F = Spawn count percentage of total count
 G = Total turns spent on level
                    A         B        C        D         E        F      G
               +---------+---------+-------+---------+---------+-------+---------
         Total |       0 |   80830 |   0.0 |       0 |     524 |   0.0 | 18130
               +---------+---------+-------+---------+---------+-------+---------
           D:1 |       0 |      34 |   0.0 |       0 |      17 |   0.0 |   984
           D:2 |       0 |      63 |   0.0 |       0 |      27 |   0.0 |   924
           D:3 |       0 |     218 |   0.0 |       0 |      24 |   0.0 |  1078
           D:4 |       0 |     947 |   0.0 |       0 |      18 |   0.0 |   833
           D:5 |       0 |     458 |   0.0 |       0 |      26 |   0.0 |   859
           D:6 |       0 |     558 |   0.0 |       0 |      25 |   0.0 |  1201
           D:7 |       0 |     968 |   0.0 |       0 |      23 |   0.0 |   806
           D:8 |       0 |    1715 |   0.0 |       0 |      27 |   0.0 |  1077
           D:9 |       0 |    2553 |   0.0 |       0 |      21 |   0.0 |  1135
          D:10 |       0 |    5524 |   0.0 |       0 |      33 |   0.0 |  1216
          D:11 |       0 |    5198 |   0.0 |       0 |      35 |   0.0 |   875
        Lair:1 |       0 |    2274 |   0.0 |       0 |       7 |   0.0 |   704
        Lair:2 |       0 |     128 |   0.0 |       0 |       1 |   0.0 |    26
        Lair:3 |       0 |    9419 |   0.0 |       0 |      45 |   0.0 |  1509
        Lair:4 |       0 |    6818 |   0.0 |       0 |      28 |   0.0 |  1305
        Lair:5 |       0 |   19439 |   0.0 |       0 |      92 |   0.0 |  2030
        Lair:6 |       0 |   24516 |   0.0 |       0 |      75 |   0.0 |  1566
               +---------+---------+-------+---------+---------+-------+---------
